 Dungeon Crawl Stone Soup version 0.26.0-10-g1f06aea511 (webtiles) character file.

Game seed: 10762758562022348403

1334 lessens the Martial Artist (level 8, 0/43 HPs)
             Began as a Kobold Transmuter on Jan 13, 2021.
             Slain by Duvessa
             ... wielding a cursed +0 short sword
              (10 damage)
             ... on level 5 of the Dungeon.
             The game lasted 00:15:36 (11026 turns).

lessens the Martial Artist (Kobold Transmuter)     Turns: 11026, Time: 00:15:37

Health: 0/43       AC:  2    Str: 10    XL:     8   Next: 92%
Magic:  8/11       EV: 20    Int: 14    God:
Gold:   271        SH:  0    Dex: 20    Spells: 5/11 levels left

rFire    . . .     SeeInvis .     - Unarmed
rCold    . . .     Faith    .   (shield currently unavailable)
rNeg     . . .     Spirit   .   (armour currently unavailable)
rPois    .         Reflect  .   (helmet currently unavailable)
rElec    .         Harm     .   (cloak currently unavailable)
rCorr    .         Rampage  .   (gloves currently unavailable)
Will     .....                  (boots currently unavailable)
Stlth    +++.......             (no amulet)
HPRegen  0.14/turn              l - ring of poison resistance
MPRegen  0.12/turn              (no ring)

@: spider-form (expiring), wereblooded
A: tiny, nightstalker 3
a: End Transformation


You were on level 5 of the Dungeon.
You were a venomous arachnid creature.
You visited 1 branch of the dungeon, and saw 5 of its levels.
You also visited: Sewer.

You collected 271 gold pieces.

Inventory:

Missiles
 b - 200 stones
 f - 85 poisoned darts (quivered)
 o - 6 boomerangs of dispersal
 u - 21 arrows
Armour
 a - a +0 robe (melded)
 h - a scarf of repulsion
 i - a +0 kite shield
 p - a +0 pair of boots (melded)
 s - a +0 helmet (melded)
Jewellery
 l - a ring of poison resistance (left front leg)
Wands
 x - a wand of enslavement (8)
Scrolls
 c - 2 scrolls of immolation {unknown}
 d - 2 scrolls of magic mapping {unknown}
 e - 8 scrolls of identify
 j - 3 scrolls of remove curse
 k - 2 scrolls of enchant weapon {unknown}
 m - 4 scrolls of teleportation
 q - a scroll of fog {unknown}
 r - a scroll of enchant armour {unknown}
 y - a scroll of torment {unknown}
 B - a scroll of noise {unknown}
 C - a scroll of random uselessness {unknown}
Potions
 g - 2 potions of attraction
 n - a potion of cancellation
 t - a potion of flight
 v - 5 potions of curing
 w - 4 potions of might
 z - 3 potions of degeneration
 A - a potion of magic
 D - a potion of heal wounds


   Skills:
 - Level 1.1 Fighting
 - Level 2.4 Dodging
 * Level 9.0 Unarmed Combat
 - Level 2.1 Spellcasting
 + Level 6.1 Transmutations


You had 5 spell levels left.
You knew the following spells:

 Your Spells              Type           Power        Failure   Level
a - Beastly Appendage     Tmut           36%          8%          1
b - Wereblood             Tmut           18%          10%         2
c - Spider Form           Tmut/Pois      5%           41%         3

Your spell library contained the following spells:

 Spells                   Type           Power        Failure   Level
 Blade Hands              Tmut           9%           67%         5
 Ice Form                 Ice/Tmut       10%          75%         4


Dungeon Overview and Level Annotations

Branches:
Dungeon (5/15)              Sewer (visited)
 Temple: D:4-7

Altars:

Shops:
D:4 [

Annotations:
D:2 exclusion: door
D:5 Dowan, Duvessa, Pikel


Innate Abilities, Weirdness & Mutations

You are small and have problems with some larger weapons.
You are completely attuned to the shadows.


Message History

You barely miss Duvessa.
Duvessa is lightly wounded.
Duvessa hits you with a cursed +0 short sword.
Dowan points at you and mumbles some strange words.
You resist with some effort. Duvessa misses you.
You bite Duvessa!
Duvessa looks as sick as possible!
Duvessa is heavily wounded.
Dowan closely misses you.
Duvessa says, "I don't care about looks, I care about technique!"
Duvessa hits you with a cursed +0 short sword!
You barely miss Duvessa.
Duvessa is severely wounded.
Duvessa misses you. x2
You hit Duvessa.
Duvessa looks as sick as possible!
Duvessa is severely wounded.
Duvessa hits you with a cursed +0 short sword.
* * * LOW HITPOINT WARNING * * *
Your transformation is almost over.
Duvessa hits you with a cursed +0 short sword!
You die...

#.....#.....
#......#.....
#...#........
#..........####'#
#..........#......
#.....s.###.⌠...⌠.
####...#e..#.......#
.#.#<..##e#.'...⌠...'
.......##.###.......#....
..........###.⌠...⌠.#....
..........#.#.......#...)
...##.##..#.####'####....
#..#...#......#..#.......
#.8.'...#...###.#.....


You could see Duvessa (fast, extremely poisoned) and Dowan (poisoned).

Vanquished Creatures
  Eustachio (D:4)
  Edmund (D:4)
  2 ogres
  A lemure (D:4)
  3 big kobolds
  A howler monkey (D:4)
  A gnoll shaman (D:5)
  2 hounds
  A jelly (D:5)
  A centaur skeleton (D:5)
  2 iguanas
  2 orc wizards
  4 worker ants
  A hound zombie (D:3)
  A hound skeleton (D:4)
  3 gnolls (D:5)
  5 adders
  5 river rats (Sewer)
  A shadow imp (D:4)
  An ufetubus (D:5)
  6 oozes
  3 worms
  A dart slug (D:2)
  7 orcs
  7 ball pythons
  6 giant cockroaches
  4 goblins
  8 hobgoblins
  2 jackals (D:4)
  47 kobolds
  A quokka (D:3)
  6 bats
  5 frilled lizards
  28 rats
170 creatures vanquished.

Vanquished Creatures (others)
  An orc (D:5)
  62 plants (D:4)
  7 toadstools (D:2)
70 creatures vanquished.

Grand Total: 240 creatures vanquished

Notes
Turn   | Place    | Note
-------+----------+-------------------------------------------
     0 | D:1      | lessens the Kobold Transmuter began the quest for the Orb.
     0 | D:1      | Reached XP level 1. HP: 12/12 MP: 3/3
   447 | D:1      | Reached XP level 2. HP: 15/16 MP: 5/5
  1509 | D:2      | Reached XP level 3. HP: 20/20 MP: 4/6
  1553 | D:2      | Learned a level 2 spell: Wereblood
  1557 | D:2      | Learned a level 3 spell: Spider Form
  1599 | D:2      | Reached skill level 4 in Unarmed Combat
  2034 | D:2      | Reached XP level 4. HP: 25/25 MP: 5/7
  2756 | D:2      | Reached XP level 5. HP: 13/29 MP: 8/8
  3792 | D:3      | Reached skill level 5 in Unarmed Combat
  4356 | D:4      | Noticed Edmund
  4405 | D:4      | Noticed an ogre
  4545 | D:4      | Reached XP level 6. HP: 22/34 MP: 6/9
  4732 | D:4      | Noticed Eustachio
  4743 | D:4      | Killed Eustachio
  4744 | D:4      | Reached skill level 6 in Unarmed Combat
  5008 | D:4      | Reached XP level 7. HP: 38/38 MP: 8/10
  5139 | D:4      | Found Gaisan's Armour Shoppe.
  5395 | D:4      | Reached skill level 7 in Unarmed Combat
  6598 | D:5      | Entered Level 5 of the Dungeon
  6861 | D:5      | Found a glowing drain.
  6871 | Sewer    | Entered a sewer
  7257 | Sewer    | Reached skill level 5 in Transmutations
  7435 | Sewer    | Reached XP level 8. HP: 16/43 MP: 9/11
  8385 | D:5      | Reached skill level 8 in Unarmed Combat
  9359 | D:5      | Noticed Dowan
  9413 | D:5      | Noticed Pikel
  9963 | D:5      | HP: 2/43 [Pikel/iceblast (13)]
 10366 | D:4      | Killed Edmund
 11005 | D:5      | Noticed Duvessa
 11017 | D:5      | Reached skill level 9 in Unarmed Combat
 11026 | D:5      | Slain by Duvessa

Illustrated notes

Levels and vault maps discovered:
D:1:      matt_arrival_los_fun, layout_loops_ring,
          hangedman_abyss_or_decor_stabs
D:2:      cheibrodos_fertilizer, layout_basic
D:3:      layout_loops_ring, serial_co_window_serial, co_window_paths_a,
          co_window_cross_1, co_window_of_opportunity_a, co_window_paths_b,
          co_window_paths_b, co_window_of_opportunity_a, co_window_corner_a,
          co_window_2corner, co_window_unsneaky_path_a, co_window_corner_cb,
          co_window_4corner_b, glass_columns_b, glass_columns_a, glass_columns_a
D:4:      kennysheep_kobold_camp, layout_basic, serial_shops,
          nicolae_shop_statue_plus, uniq_edmund, uniq_eustachio
D:5:      layout_cave_pools, cheibrodos_sewer_entry_sluice, minmay_fountain_box,
          grunt_ministairs_13, uniq_pikel, uniq_duvessa, uniq_crazy_yiuf_cottage

Skill      XL: |  1  2  3  4  5  6  7  8 |
---------------+-------------------------+-----
Unarmed Combat | 4 5 6 7 9 |  9.0
Transmutations | 3 4 5 6 |  6.1
Fighting       | |  1.1
Dodging        | |  2.4
Spellcasting   | |  2.1

Action                   |  1- 3 |  4- 6 |  7- 9 || total
-------------------------+-------+-------+-------++-------
Melee: Unarmed           |   105 |   136 |   308 ||   549
       Kick              |     9 |    19 |    42 ||    70
       Headbutt          |     6 |    18 |    25 ||    49
       Punch             |       |     1 |     4 ||     5
Throw: Dart              |       |       |    22 ||    22
 Cast: Beastly Appendage |    21 |    28 |    23 ||    72
       Wereblood         |       |     2 |    21 ||    23
       Spider Form       |       |       |     2 ||     2
  Use: Scroll            |       |     6 |     6 ||    12
       Potion            |       |       |     3 ||     3
 Stab: Sleeping          |    10 |     8 |     1 ||    19
Armor: Robe              |     8 |    13 |    40 ||    61
Dodge: Dodged            |    52 |    98 |   231 ||   381
